 Dungeon Crawl Stone Soup version 0.24.0-123-gd5b16e6ec5 (webtiles) character file.

Game seed: 16373381244643339158, levelgen mode: deterministic

218 IrvingSpaghetti the Sneak (level 6, -11/61 HPs)
             Began as a Human Conjurer on Dec 23, 2019.
             Mangled by an orc
             ... wielding a +3 morningstar
              (12 damage)
             ... on level 6 of the Dungeon.
             The game lasted 00:12:14 (2094 turns).

IrvingSpaghetti the Sneak (Human Conjurer)          Turns: 2094, Time: 00:12:14

Health: -11/61     AC:  2    Str: 13    XL:     6   Next: 17%
Magic:  1/9        EV: 12    Int: 22    God:
Gold:   83         SH:  0    Dex: 14    Spells: 6/9 levels left

rFire    . . .     SeeInvis .   j - +0 dagger
rCold    . . .     Gourm    .   (no shield)
rNeg     . . .     Faith    .   k - +0 robe
rPois    .         Spirit   .   (no helmet)
rElec    .         Reflect  .   (no cloak)
rCorr    .         Harm     .   (no gloves)
MR       .....                  (no boots)
Stlth    ..........             (no amulet)
HPRegen  0.20/turn              (no ring)
MPRegen  0.11/turn              (no ring)

@: brilliant, berserking, very quick
A: no striking features
a: no special abilities


You were on level 6 of the Dungeon.
You were hungry.

You visited 1 branch of the dungeon, and saw 6 of its levels.

You collected 83 gold pieces.

Inventory:

Hand Weapons
 b - a +0 hunting sling
 f - a +0 mace
 j - a +0 dagger (weapon)
Missiles
 g - 67 stones (quivered)
 m - 36 bolts
 n - 4 boomerangs
 o - 22 poisoned darts
Armour
 k - a +0 robe (worn)
Scrolls
 a - a scroll of teleportation {unknown}
 d - 2 scrolls of identify {unknown}
 h - 2 scrolls of fear {unknown}
 l - a scroll of enchant weapon {unknown}
Potions
 e - a potion of brilliance
Comestibles
 c - 3 rations


   Skills:
 - Level 2.0 Dodging
 + Level 6.5 Stealth
 - Level 2.0 Spellcasting
 - Level 4.0 Conjurations


You had 6 spell levels left.
You knew the following spells:

 Your Spells              Type           Power        Failure   Level  Hunger
a - Magic Dart            Conj           ####         1%          1    #......
b - Searing Ray           Conj           ####..       1%          2    ##.....

Your spell library contained the following spells:

 Spells                   Type           Power        Failure   Level  Hunger
 Dazzling Spray           Conj/Hex       ###...       2%          3    ###....
 Iskenderun's Mystic Bla  Conj           ####....     3%          4    #####..
 Force Lance              Conj/Tloc      ###.....     7%          4    #####..
 Fulminant Prism          Conj/Hex       ###.......   7%          4    #####..


Dungeon Overview and Level Annotations

Branches:
Dungeon (6/15)
 Temple: D:4-7

Altars:

Annotations:
D:6 Duvessa


Message History

Pain shoots through your body!
* * * LOW HITPOINT WARNING * * *
You puncture the orc priest!
You kill the orc priest!
You have reached level 6!
Your experience leads to an increase in your attributes!
Your base attributes are Str 8, Int 16, Dex 14.
Increase (S)trength, (I)ntelligence, or (D)exterity?
You feel clever.
You puncture the orc!
You kill the orc!
The orc hits you with a +3 morningstar!
* * * LOW HITPOINT WARNING * * *
Items here: ))) ††† You hit the orc but do no damage.
The orc barely misses you.
You closely miss the orc. You hit the orc.
The orc is severely wounded.
The orc hits you with a +3 morningstar!
You die...

#............#
######.###...#
#.# ...# #.#
...# #.# ...#
#.# ...# #.#
.s.# #.# ...#
#@# #o# #.#
..# #.# ###


You could see an orc.

Vanquished Creatures
  A jelly (D:6)
  A centaur skeleton (D:4)
  2 orc priests (D:6)
  A worker ant (D:3)
  4 gnolls
  An adder (D:3)
  4 orcs
  A bat (D:2)
  2 giant cockroaches
  3 goblins
  A hobgoblin (D:1)
  3 jackals (D:2)
  A kobold (D:3)
  A quokka (D:6)
  A rat (D:3)
27 creatures vanquished.

Notes
Turn   | Place    | Note
-------+----------+-------------------------------------------
     0 | D:1      | IrvingSpaghetti the Human Conjurer began the quest for the
                  | Orb.
     0 | D:1      | Reached XP level 1. HP: 13/13 MP: 3/3
   580 | D:2      | Reached XP level 2. HP: 19/19 MP: 5/5
   584 | D:2      | Learned a level 2 spell: Searing Ray
   616 | D:2      | Reached skill level 3 in Stealth
   714 | D:3      | Reached XP level 3. HP: 24/24 MP: 2/6
   925 | D:3      | Reached skill level 4 in Stealth
  1228 | D:3      | Reached XP level 4. HP: 12/30 MP: 2/7
  1385 | D:4      | Reached skill level 5 in Stealth
  1433 | D:5      | Entered Level 5 of the Dungeon
  1498 | D:6      | Reached XP level 5. HP: 35/35 MP: 3/8
  1668 | D:6      | Noticed Duvessa
  1903 | D:6      | Reached skill level 6 in Stealth
  2089 | D:6      | Reached XP level 6. HP: 7/41 MP: 0/9
  2091 | D:6      | HP: 1/61 [orc/+3 morningstar (7)]
  2094 | D:6      | Mangled by an orc

Levels and vault maps discovered:
D:1:      dpeg_arrival_circle_labyrinth_a, layout_basic
D:2:      layout_loops_ring
D:3:      layout_basic, kiku_gazebo_garden_becter
D:4:      layout_layer_cave, st_stairs_11, uniq_blork_the_orc
D:5:      minmay_razor_zed, layout_basic, lemuel_round_altar,
          nicolae_ru_the_path_less_chosen, minmay_temple_entry_mini_moons,
          first_ration, serial_curves, eino_curves_02, eino_curves_03,
          eino_curves_04, portal_sewer_entry_f, enter_ossuary_5, uniq_menkaure
D:6:      layout_basic, uniq_duvessa

Skill      XL: |  1  2  3  4  5 |
---------------+----------------+-----
Stealth        | 3 4 5 6 |  6.5
Dodging        | |  2.0
Spellcasting   | |  2.0
Conjurations   | |  4.0

Action                   |  1- 3 |  4- 6 || total
-------------------------+-------+-------++-------
Melee: Unarmed           |     9 |       ||     9
       Dagger            |     6 |    11 ||    17
       Mace              |     1 |       ||     1
 Fire: Hunting sling     |    14 |       ||    14
 Cast: Magic Dart        |    12 |     7 ||    19
       Searing Ray       |     7 |     7 ||    14
  Use: Potion            |       |     2 ||     2
 Stab: Sleeping          |     2 |     1 ||     3
  Eat: Chunk             |     1 |     3 ||     4
Armor: Robe              |     7 |     2 ||     9
Dodge: Dodged            |    33 |     8 ||    41
